 Dungeon Crawl Stone Soup version 0.26.0-10-g1f06aea511 (webtiles) character file.

Game seed: 8267377308934477244

1613 inc the Covert (level 8, -1/36 HPs)
             Began as a Felid Enchanter on Jan 30, 2021.
             Was an Initiate of Gozag.
             Slain by an orc wizard
             ... wielding a +0 rapier
              (8 damage)
             ... on level 9 of the Dungeon on Jan 31, 2021.
             The game lasted 00:21:41 (14320 turns).

inc the Covert (Felid Enchanter)                   Turns: 14320, Time: 00:21:41

Health: -1/36      AC:  2    Str:  4    XL:     8   Next: 64%
Magic:  6/12       EV: 23    Int: 17    God:    Gozag
Gold:   856        SH:  0    Dex: 19    Spells: 2/11 levels left
                                        Lives:  0   Deaths: 2

rFire    . . .     SeeInvis +     - Unarmed
rCold    + . .     Faith    .   (shield unavailable)
rNeg     . . .     Spirit   .   (armour unavailable)
rPois    .         Reflect  .   (helmet unavailable)
rElec    .         Harm     .   (cloak unavailable)
rCorr    .         Rampage  .   (gloves unavailable)
Will     +....                  (boots unavailable)
Stlth    ++++++....             (no amulet)
HPRegen  0.12/turn              c - ring of protection from cold
MPRegen  0.13/turn              (no ring)

@: quick
A: very small, no armour, no weapons or thrown items, stealth, claws 1, fangs 3,
see invisible, speed 1, shaggy fur 2, sharp paws
a: Renounce Religion, Potion Petition, Call Merchant, Bribe Branch


You were on level 9 of the Dungeon.
You worshipped Gozag.
Gozag was pleased with you.
You visited 1 branch of the dungeon, and saw 9 of its levels.

You collected 1186 gold pieces.
You paid 330 gold pieces to Gozag.

Inventory:

Jewellery
 c - a ring of protection from cold (left paw)
Wands
 q - a wand of paralysis (12)
 s - a wand of flame (30)
Scrolls
 a - a scroll of blinking
 b - 2 scrolls of identify
 d - 8 scrolls of remove curse
 i - 6 scrolls of teleportation
 j - 2 scrolls of amnesia {unknown}
 k - a scroll of magic mapping
 n - 3 scrolls of fear
Potions
 e - 3 potions of cancellation
 f - a potion of resistance {unknown}
 g - 3 potions of curing
 h - 4 potions of might
 o - a potion of experience {unknown}
 r - a potion of heal wounds
 t - a potion of attraction


   Skills:
 + Level 4.7 Fighting
 + Level 7.0 Dodging
 - Level 11.6 Stealth
 - Level 5.5 Unarmed Combat
 - Level 2.0 Spellcasting
 - Level 10.4 Hexes
 - Level 3.6 Ice Magic


You had 2 spell levels left.
You knew the following spells:

 Your Spells              Type           Power        Failure   Level
a - Tukima's Dance        Hex            37%          1%          3
b - Ensorcelled Hibernat  Hex/Ice        50%          1%          2
c - Confusing Touch       Hex            37%          1%          3
i - Corona                Hex            41%          1%          1

Your spell library contained the following spells:

 Spells                   Type           Power        Failure   Level
 Shock                    Conj/Air       4%           19%         1
 Poisonous Vapours        Pois/Air       2%           28%         2
 Swiftness                Air            1%           28%         2
 Dazzling Flash           Conj/Hex       38%          7%          3
 Static Discharge         Conj/Air       1%           50%         3
 Airstrike                Air            0%           88%         4
 Lightning Bolt           Conj/Air       0%           99%         5


Dungeon Overview and Level Annotations

Branches:
Dungeon (9/15)             Temple (0/1) D:7
   Lair: D:8-11         Orc: D:9-12

Altars:
Ashenzari
Gozag
Kikubaaqudgha
Makhleb
Qazlal
Ru
Sif Muna
Trog
Wu Jian
Xom
Zin
The Shining One

Shops:
D:6 *

Annotations:
D:3 3 runed translucent doors, puimuR's ghost, weakling HOMo
D:7 Harold


Innate Abilities, Weirdness & Mutations

You cannot wear armour.
You are incapable of wielding weapons or throwing items.
Your paws allow you to move quietly. (Stealth)
You have sharp claws.
You have razor-sharp teeth.
You have supernaturally acute eyesight. (SInv)
You cover ground quickly.
You are covered in thick fur. (AC +2)
Your sharp claws are effective at attacking unaware monsters.


Message History

Press: ? - help, Shift-Dir - straight line, f/p - orc wizard
Aim: an orc wizard, wielding a +0 rapier and wearing a +2 robe of cold resistance (lightly wounded, fast, not susceptible)
The orc wizard is unaffected.
The orc misses you.
The orc wizard hits you with a +0 rapier!
The orc completely misses you.
The orc throws a stone.
The stone misses you.
Casting: Ensorcelled Hibernation (safe; 1% risk of failure)
Confirm with . or Enter, or press ? or * to list all spells.
Aiming: Ensorcelled Hibernation (safe; 1% risk of failure)
Press: ? - help, Shift-Dir - straight line, f - orc, p - orc wizard
Aim: an orc, wielding a +0 spear (chance to affect: 71%)
The orc looks drowsy...
The orc wizard casts a spell at you. You resist with almost no effort.
The orc throws a stone.
The stone misses you.
The orc wizard hits you with a +0 rapier.
* * * LOW HITPOINT WARNING * * *
The orc wizard suddenly complains.
The orc wizard hits you with a +0 rapier!
You die...
Your body crumbles into a pile of gold.

# ##
#.####################
....#.#.$(.#....#.#....#..
......o..@..#..#...#..#...
....#.#.o.................
......oo..................
##..................##..##
#.....########.#.#.#.#<##
#..... #.#.......## #...##
#.#.#.###... #### #.....#
#### ###.###


You could see 2 orc wizards and 2 orcs.

Vanquished Creatures
  A troll (D:5)
  A water moccasin (D:7)
  Duvessa (D:4)
  An orc warrior (D:6)
  A sky beast (D:9)
  2 phantoms
  6 ogres
  6 centaurs
  4 big kobolds
  Blork the orc (D:6)
  A bullfrog (D:6)
  Dowan (D:4)
  A wyvern skeleton (D:9)
  2 scorpions
  9 wights
  A howler monkey (D:4)
  A centaur zombie (D:4)
  3 hounds (D:6)
  A centaur skeleton (D:5)
  A gnoll shaman (D:8)
  4 orc priests
  A bullfrog skeleton (D:6)
  3 iguanas
  4 orc wizards
  6 worker ants
  7 gnolls
  10 adders
  A white imp (D:9)
  3 ufetubi
  4 oozes
  An adder zombie (D:8)
  An adder skeleton (D:5)
  2 dart slugs (D:1)
  5 leopard geckos
  18 orcs
  9 bats
  3 giant cockroaches
  5 goblins
  17 hobgoblins
  2 jackals (D:1)
  A quokka (D:7)
  6 frilled lizards
  29 kobolds
  A quokka skeleton (D:6)
  9 rats
197 creatures vanquished.

Vanquished Creatures (collateral kills)
  An ogre (D:9)
  2 gnolls (D:7)
3 creatures vanquished.

Vanquished Creatures (others)
  A dancing weapon (D:8)
  A hound (D:4)
  A worker ant (D:4)
  3 gnolls (D:4)
  An ooze (D:4)
  A worm (D:4)
  An orc (D:4)
  A frilled lizard (D:4)
10 creatures vanquished.

Grand Total: 210 creatures vanquished

Notes
Turn   | Place    | Note
-------+----------+-------------------------------------------
     0 | D:1      | inc the Felid Enchanter began the quest for the Orb.
     0 | D:1      | Reached XP level 1. HP: 7/7 MP: 4/4
   294 | D:1      | Reached XP level 2. HP: 11/11 MP: 6/6
  1060 | D:1      | Reached XP level 3. HP: 14/14 MP: 7/7
  2310 | D:2      | Noticed a scorpion
  2513 | D:2      | Learned a level 2 spell: Ensorcelled Hibernation
  2754 | D:2      | Found an ancient bone altar of Kikubaaqudgha.
  3100 | D:2      | Reached XP level 4. HP: 18/18 MP: 5/8
  3299 | D:3      | Noticed puimuR's ghost (weakling HOMo)
  3452 | D:3      | Found a stormy altar of Qazlal.
  4097 | D:3      | Found a runed translucent gate.
  4097 | D:3      | Found a runed translucent gate.
  4097 | D:3      | Found a runed translucent gate.
  4111 | D:3      | Reached XP level 5. HP: 15/21 MP: 3/9
  4331 | D:3      | Reached skill level 5 in Unarmed Combat
  4973 | D:4      | Noticed Duvessa
  4973 | D:4      | Noticed Dowan
  5089 | D:4      | Killed Duvessa
  5090 | D:4      | Reached skill level 5 in Stealth
  5090 | D:4      | Gained mutation: You are covered in thick fur. (AC +2)
                  | [Felid growth]
  5090 | D:4      | Reached XP level 6. HP: 11/24 MP: 3/10
  5292 | D:4      | Reached skill level 6 in Stealth
  5479 | D:4      | Reached skill level 7 in Stealth
  5855 | D:4      | Reached skill level 8 in Stealth
  5855 | D:4      | Reached XP level 7. HP: 24/27 MP: 2/11
  6134 | D:4      | Killed Dowan
  6350 | D:4      | Found a shimmering altar of Xom.
  6365 | D:4      | Reached skill level 9 in Stealth
  6838 | D:5      | Entered Level 5 of the Dungeon
  7113 | D:5      | Reached skill level 10 in Stealth
  7304 | D:5      | Noticed a troll
  7310 | D:5      | Killed a troll
  7311 | D:5      | Reached skill level 11 in Stealth
  7311 | D:5      | Reached XP level 8. HP: 31/31 MP: 9/12
  7393 | D:5      | Found a bloodstained altar of Trog.
  7675 | D:5      | Found an opulent altar of Gozag.
  7675 | D:5      | Found an ornate altar of the Wu Jian Council.
  7770 | D:5      | Found a burning altar of Makhleb.
  7877 | D:5      | Became a worshipper of Gozag Ym Sagoz the Greedy
  8164 | D:5      | Learned a level 3 spell: Confusing Touch
  8689 | D:5      | Reached skill level 5 in Hexes
  9774 | D:6      | Found Coufieje's General Store.
  9778 | D:6      | Noticed Blork the orc
  9785 | D:6      | Killed Blork the orc
 10009 | D:6      | Found a shimmering altar of Xom.
 10013 | D:6      | Reached skill level 10 in Hexes
 10225 | D:6      | Reached XP level 9. HP: 34/34 MP: 13/13
 10232 | D:6      | Reached skill level 1 in Ice Magic
 10377 | D:6      | Learned a level 3 spell: Tukima's Dance
 10907 | D:7      | Found a bloodstained altar of Trog.
 10917 | D:7      | Found a shimmering blue altar of Sif Muna.
 10920 | D:7      | Identified Sif Muna's Papyrus of Poison
 10950 | D:7      | Found a broken altar of Ashenzari.
 10981 | D:7      | Found a staircase to the Ecumenical Temple.
 11037 | D:7      | Noticed Harold
 11047 | D:7      | Reached skill level 1 in Fighting
 11185 | D:7      | Slain by Harold
 11186 | D:7      | Reached XP level 8. HP: 0/32 MP: 10/12
 12437 | D:8      | Reached skill level 5 in Dodging
 12838 | D:8      | Slain by a gnoll
 12839 | D:8      | Reached XP level 7. HP: -1/31 MP: 2/11
 13051 | D:8      | Reached XP level 8. HP: 28/34 MP: 9/12
 13237 | D:8      | Found an ornate altar of the Wu Jian Council.
 13979 | D:9      | Found a glowing silver altar of Zin.
 13988 | D:9      | Found a glowing golden altar of the Shining One.
 14266 | D:9      | Found a sacrificial altar of Ru.
 14320 | D:9      | Slain by an orc wizard

Illustrated notes

Levels and vault maps discovered:
D:1:      minmay_arrival_four_houses, layout_loops_ring
D:2:      layout_basic, serial_curves, eino_curves_03, eino_curves_02,
          st_stairs_14, hex_tiny, lemuel_statue_altar
D:3:      layout_rooms, gammafunk_ghost_split, nicolae_qazlal_eye_of_the_storm
D:4:      cheibrodos_thug_alley, layout_basic, xom_confusion_cloud, uniq_duvessa
D:5:      layout_loops_ring, lemuel_coloured_pillars_altar,
          gammafunk_temple_overflow_statue, st_stairs_13,
          trog_three_pillars_becter
D:6:      layout_cave_pools, old_standard_altar, serial_shops, shop,
          uniq_blork_the_orc
D:7:      layout_cave_pools, lemuel_round_altar,
          nzn_overflow_gifts_of_might_and_magic, temple_pool_b, uniq_harold
D:8:      layout_basic, basic_altar
D:9:      wad_river_or_something, layout_loops_ring,
          chequers_temple_overflow_statue_of_worship, uniq_maggie

Skill      XL: |  1  2  3  4  5  6  7  8  9 |
---------------+----------------------------+-----
Unarmed Combat | 2 3 4 5 |  5.5
Stealth        | 5 8 11 | 11.6
Hexes          | 10 | 10.4
Ice Magic      | 3 |  3.6
Fighting       | 4 1 |  4.7
Dodging        | 7 3 |  7.0
Spellcasting   | |  2.0

Action                   |  1- 3 |  4- 6 |  7- 9 || total
-------------------------+-------+-------+-------++-------
Melee: Unarmed           |   132 |   106 |   260 ||   498
       Bite              |     7 |     5 |    24 ||    36
       Punch             |       |       |     2 ||     2
 Cast: Ensorcelled Hiber |     8 |    58 |    99 ||   165
       Confusing Touch   |       |       |    11 ||    11
       Tukima's Dance    |       |       |     7 ||     7
       Corona            |       |       |     2 ||     2
Invok: Potion Petition   |       |       |     1 ||     1
  Use: Potion            |       |     1 |       ||     1
       Scroll            |       |       |    15 ||    15
 Stab: Sleeping          |    20 |    38 |    73 ||   131
       Distracted        |       |     1 |     1 ||     2
       Confused          |       |       |    10 ||    10
Armor: Skin              |    13 |     7 |    16 ||    36
Dodge: Dodged            |   116 |   105 |   261 ||   482
